 Dungeon Crawl Stone Soup version 0.29-a0-221-gceb61267dd (webtiles) character file.

Game seed: 4273245099373552104

39 Cyric the Vexing (level 3, 15/19 HPs)
             Began as a Deep Elf Enchanter on Feb 26, 2022.
             Was a Follower of Zin.
             Quit the game on level 2 of the Dungeon.
             The game lasted 00:08:41 (1313 turns).

Cyric the Vexing (Deep Elf Enchanter)               Turns: 1313, Time: 00:08:42

Health: 15/19      AC:  6    Str:  7    XL:     3   Next: 28%
Magic:  1/9        EV: 13    Int: 19    God:    Zin [*.....]
Gold:   15         SH:  0    Dex: 15    Spells: 6/8 levels left

rFire   . . .      SeeInvis .   a - +1 dagger
rCold   . . .      Faith    .   (no shield)
rNeg    . . .      Spirit   .   b - +0 robe
rPois   .          Reflect  .   (no helmet)
rElec   .          Harm     .   (no cloak)
rCorr   .          Rampage  .   (no gloves)
Will    .....                   (no boots)
Stlth   +++.......              (no amulet)
HPRegen 0.06/turn               e - +4 ring of protection
MPRegen 0.11/turn               (no ring)

@: no status effects
A: no striking features
a: Renounce Religion, Recite, Donate Gold


You were on level 2 of the Dungeon.
You worshipped Zin.
Zin was aware of your devotion.
You visited 1 branch of the dungeon, and saw 2 of its levels.

You collected 16 gold pieces.
You donated 1 gold pieces to Zin.

Inventory:

Hand Weapons
 a - a +1 dagger (weapon)
Missiles
 f - 40 stones
Armour
 b - a +0 robe (worn)
Jewellery
 e - a +4 ring of protection (left hand)
Scrolls
 h - a scroll of teleportation {unknown}
 i - a scroll of identify {unknown}
Potions
 c - a potion of invisibility
 d - 3 potions of degeneration {unknown}
 g - a potion of curing {unknown}


   Skills:
 * Level 2.1 Short Blades
 + Level 2.7 Dodging
 + Level 4.0 Stealth
 - Level 3.0 Spellcasting
 * Level 4.5 Hexes
 + Level 0.5 Ice Magic


You had 6 spell levels left.
You knew the following spells:

 Your Spells              Type           Power      Damage    Failure   Level
a - Ensorcelled Hibernat  Hex/Ice        24%        N/A       9%          2

Your spell library contained the following spells:

 Spells                   Type           Power      Damage    Failure   Level
 Confusing Touch          Hex            20%        N/A       7%          3
 Tukima's Dance           Hex            20%        N/A       7%          3
 Dazzling Flash           Conj/Hex       22%        N/A       19%         3


Dungeon Overview and Level Annotations

Branches:
Dungeon (2/15)

Altars:
Zin


Message History

You kill the kobold!
Aiming: Ensorcelled Hibernation (safe; 9% risk of failure)
Press: ? - help, Q - select action, (/) - cycle Shift-Dir - straight line, f - kobold
Aim: a kobold, wielding a +0 dagger (chance to affect: 63%)
The kobold resists with significant effort.
The kobold misses you.
You don't have enough magic to cast this spell.
Unknown command.
You hit the kobold.
The kobold is moderately wounded.
The kobold hits you with a +0 dagger.
You hit the kobold but do no damage. The kobold hits you but does no damage.
You closely miss the kobold. The kobold hits you but does no damage.
You hit the kobold but do no damage. The kobold closely misses you.
You hit the kobold but do no damage. You hit the kobold.
You kill the kobold!
The goblin unwields a +0 club.
The goblin wields a +0 hunting sling.
The goblin shoots a sling bullet.
The sling bullet hits you but does no damage.
The goblin unwields a +0 hunting sling.
The goblin wields a +0 club.
The goblin barely misses you.
Items here: )) ††.
You don't have enough magic to cast this spell.
Unknown command.
You completely miss the goblin. The goblin barely misses you.
You hit the goblin.
The goblin is moderately wounded.
You hit the goblin.
The goblin is heavily wounded.
The goblin closely misses you.
You hit the goblin.
The goblin is severely wounded.
The goblin barely misses you.
You hit the goblin.
You kill the goblin!
Things that are here:
a +0 club; a +0 hunting sling; a goblin corpse Unknown command.
Are you sure you want to abandon this character and quit the game? (Confirm with "yes".)

##### #...####
###......#
#....###.###
###....#$#...#
#....###.###.###
#....#... #...#
#..###.# ###.#
#....)@# #.#
.......###.#
###.#
######...#...
#...#
###.###.###...#
#...#(#....##
.####..###..#.#
............#.#
####...###...#
#........##


There were no monsters in sight!

Vanquished Creatures
  6 ball pythons
  4 endoplasms (D:1)
  4 giant cockroaches
  2 goblins
  2 hobgoblins (D:1)
  3 jackals (D:1)
  6 kobolds
  2 bats
  2 frilled lizards
  3 rats (D:1)
34 creatures vanquished.

Notes
Turn   | Place    | Note
-------+----------+-------------------------------------------
     0 | D:1      | Cyric the Deep Elf Enchanter began the quest for the Orb.
     0 | D:1      | Reached XP level 1. HP: 10/10 MP: 6/6
   423 | D:1      | Reached XP level 2. HP: 15/15 MP: 8/8
   426 | D:1      | Learned a level 2 spell: Ensorcelled Hibernation
   927 | D:1      | Reached XP level 3. HP: 19/19 MP: 6/9
   991 | D:1      | Found a faded altar of an unknown god.
  1006 | D:1      | Prayed at the altar of an unknown god.
  1006 | D:1      | Became a worshipper of Zin the Law-Giver
  1006 | D:1      | Reached * piety under Zin
  1313 | D:2      | Quit the game

Illustrated notes

Levels and vault maps discovered:
D:1:      wander_arrival_chamber, layout_loops_ring,
          ebering_ecumenical_altar_petrified, minivault_11
D:2:      layout_loops_ring, serial_shops, shop, minmay_misc_feat_plants,
          minmay_quantized

Skill      XL: |  1  2  3 |
---------------+----------+-----
Short Blades   | 2 |  2.1
Stealth        | 4 |  4.0
Dodging        | |  2.7
Spellcasting   | |  3.0
Hexes          | |  4.5
Ice Magic      | |  0.5

Action                   || total
-------------------------++-------
Melee: Dagger            ||    79
 Cast: Ensorcelled Hiber ||    18
 Stab: Sleeping          ||    20
Armor: Robe              ||    24
Dodge: Dodged            ||    43

Table legend: (Time is in decaauts)
 A = Elapsed time spent in this place.
 B = Non-inter-level travel time spent in this place.
 C = Inter-level travel time spent in this place.
 D = Time resting spent in this place.
 E = Time spent auto-exploring this place.
 F = Levels seen in this place.
 G = Mean time per level.
                   A        B        C        D        E       F      G
               +--------+--------+--------+--------+--------+-----+--------+
         Total |   1304 |   1265 |     39 |    341 |    317 |   2 |  652.0 |
       Dungeon |   1304 |   1265 |     39 |    341 |    317 |   2 |  652.0 |
               +--------+--------+--------+--------+--------+-----+--------+

Top non-repeatable levels by time:
     D:1: 1183 daAuts
     D:2: 121 daAuts
